 Dungeon Crawl Stone Soup version 0.28.0-43-g3370ac3207 (webtiles) character file.

Game seed: 7154107085101400202

5488 CryoSword the Cutter (level 10, -7/76 HPs)
             Began as a Vine Stalker Enchanter on Mar 16, 2022.
             Was a Follower of Uskayaw.
             Mangled by a phantasmal warrior (15 damage)
             ... led by a death knight
             ... on level 8 of the Dungeon.
             The game lasted 00:29:32 (9815 turns).

CryoSword the Cutter (Vine Stalker Enchanter)       Turns: 9815, Time: 00:29:33

Health: -7/76      AC: 25    Str: 20    XL:     10   Next: 69%
Magic:  0/20       EV:  2    Int: 15    God:    Uskayaw [*.....]
Gold:   388        SH:  0    Dex: 16    Spells: 9/21 levels left

rFire   . . .      SeeInvis +   B - +1 rapier
rCold   . . .      Faith    .   (no shield)
rNeg    . . .      Spirit   +   (armour currently unavailable)
rPois   +          Reflect  .   (helmet currently unavailable)
rElec   .          Harm     .   (cloak currently unavailable)
rCorr   .          Rampage  .   (gloves currently unavailable)
Will    .....      NoTele   +   (boots currently unavailable)
Stlth   +++.......              (no amulet)
HPRegen 1.02/turn               A - ring of see invisible
MPRegen 0.17/turn               y - +6 ring of strength

@: tree-form, weak-willed
A: stationary, stasis, torment immunity, boosted hp, (fangs 3), regeneration 1,
magic shield, (antimagic bite), no potion heal 2
a: Renounce Religion, Stomp


You were on level 8 of the Dungeon.
You worshipped Uskayaw.
Uskayaw was noncommittal.
You were a tree.
You visited 2 branches of the dungeon, and saw 10 of its levels.
You also visited: Sewer and Ossuary.

You collected 388 gold pieces.

Inventory:

Hand Weapons
 k - a +1 short sword of venom
   (You took it off an orc on level 3 of the Dungeon)
 B - a +1 rapier (weapon)
   (You found it on level 3 of the Dungeon)
Missiles
 o - 42 poisoned darts (quivered)
 x - 4 boomerangs
Armour
 m - a +1 helmet (melded)
   (You took it off Robin on level 2 of the Dungeon)
 t - a +1 pair of boots (melded)
   (You found it on level 7 of the Dungeon)
 z - +0 acid dragon scales (melded)
   (You found it on level 8 of the Dungeon)
 F - a +1 cloak of willpower (melded)
   (You took it off Maurice on level 8 of the Dungeon)
Jewellery
 r - a ring of fire
   (You found it on level 3 of the Dungeon)
 y - a +6 ring of strength (right branch)
   (You found it on level 6 of the Dungeon)
 A - a ring of see invisible (left branch)
   (You found it on level 7 of the Dungeon)
 D - a ring of protection from fire
   (You found it on level 4 of the Dungeon)
Wands
 j - a wand of iceblast (2)
   (You took it off Maurice on level 8 of the Dungeon)
Scrolls
 d - a scroll of blinking
 e - a scroll of summoning
 i - a scroll of silence
 p - 5 scrolls of teleportation {unknown}
 s - a scroll of amnesia
 u - 2 scrolls of identify {@r1}
 C - 3 scrolls of enchant weapon
Potions
 a - 3 potions of lignification {!q}
 b - a potion of cancellation {unknown}
 c - 2 potions of invisibility
 f - 2 potions of curing {@q1}
 g - 4 potions of might
 h - 2 potions of flight {unknown}
 l - 2 potions of ambrosia {unknown}
 n - a potion of heal wounds {unknown}
 q - 2 potions of brilliance {unknown}
 v - a potion of magic {unknown}
 w - a potion of haste {unknown}
 E - a potion of mutation {unknown}


   Skills:
 + Level 5.3 Fighting
 * Level 7.9 Short Blades
 + Level 3.6 Dodging
 + Level 4.2 Stealth
 + Level 6.2 Spellcasting
 - Level 3.0 Conjurations
 - Level 5.9 Hexes
 - Level 3.0 Ice Magic
 - Level 5.4 Invocations


You had 9 spell levels left.
You knew the following spells:

 Your Spells              Type           Power      Damage    Failure   Level
a - Ensorcelled Hibernat  Hex/Ice        36%        N/A       3%          2
b - Confusing Touch       Hex            22%        N/A       3%          3
c - Slow                  Hex            88%        N/A       1%          1
d - Tukima's Dance        Hex            22%        N/A       3%          3
e - Dazzling Flash        Conj/Hex       36%        N/A       7%          3

Your spell library contained the following spells:

 Spells                   Type           Power      Damage    Failure   Level
 Freeze                   Ice            52%        1d7       4%          1
 Frozen Ramparts          Ice            26%        1d4       13%         3
 Corpse Rot               Necr/Air       8%         N/A       22%         2
 Poisonous Vapours        Pois/Air       8%         N/A       22%         2
 Mephitic Cloud           Conj/Pois/Air  7%         N/A       28%         3
 Hailstorm                Conj/Ice       13%        3d5       38%         4
 Ignite Poison            Fire/Tmut/Pois 4%         N/A       41%         3
 Vampiric Draining        Necr           4%         2d6       41%         3
 Freezing Cloud           Conj/Ice/Air   5%         6-21      87%         5
 Lightning Bolt           Conj/Air       4%         1d16      91%         5
 Alistair's Intoxication  Tmut/Pois      2%         N/A       99%         5


Dungeon Overview and Level Annotations

Branches:
Dungeon (9/15)             Temple (1/1) D:5           Sewer (visited)
Ossuary (visited)
   Lair: D:8-11         Orc: D:9-12

Altars:
Elyvilon
Fedhas
Hepliaklqana
Makhleb
Qazlal
Trog
Uskayaw
The Shining One

Shops:
D:8 ?


Innate Abilities, Weirdness & Mutations

You are a tree.
Your roots penetrate the ground, keeping you stationary.
You cannot be teleported.
You are immune to unholy pain and torment.
Your maximum health is greatly increased.
Your equipment is partially melded.
((You have razor-sharp teeth.))
Your natural rate of healing is unusually fast.
When hurt, damage is shared between your health and your magic reserves.
((Your bite disrupts and absorbs the magic of your enemies.))
Potions cannot restore your health.


Message History

The orc completely misses you.
You puncture the centaur zombie! You bite the centaur zombie!
You drain its power.
You feel invigorated.
The centaur zombie hits you but does no damage.
The centaur zombie kicks you but does no damage.
The orc barely misses you.
You completely miss the centaur zombie. Your bite misses the centaur zombie.
The centaur zombie closely misses you.
The centaur zombie kicks you but does no damage.
The orc hits you with a +0 flail of holy wrath.
You hit the centaur zombie. You bite the centaur zombie. You drain its power.
The centaur zombie hits you.
The centaur zombie kicks you but does no damage.
You barely miss the centaur zombie. The orc closely misses you.
The centaur zombie barely misses you.
The centaur zombie kicks you but does no damage.
You puncture the centaur zombie! You bite the centaur zombie.
You destroy the centaur zombie!
The orc hits you but does no damage.
You can now pass through a line of other dancers.
You puncture the orc!
You kill the orc!
No target in view!
Things that are here:
a +0 flail of holy wrath; a +0 leather armour
Things that are here:
a +0 flail of holy wrath; a +0 leather armour Done exploring.
Done exploring.
Done exploring.
Done exploring.
Done exploring.
There is an open door here.
There is an open door here.
There is a stone staircase leading down here.
You climb downwards.
Found 22 stones, 14 gold pieces and a scroll of blinking.
Found a stone staircase leading up and a stone staircase leading down.
There is a stone staircase leading up here.
You climb upwards.
There is a stone staircase leading down here.
Things that are here:
15 arrows; a +0 shortbow
Things that are here:
a +0 robe; a +0 dagger
There is an open door here.
There is a stone staircase leading down here.
You climb downwards.
The howler monkey howls! x2
The howler monkey hoots and howls with incredible vigour!
You hear a shout!
Found four items.
Found a stone staircase leading down.
There is a stone staircase leading up here.
You hit the howler monkey. Your bite misses the howler monkey.
The howler monkey closely misses you.
You barely miss the howler monkey. You bite the howler monkey!
You drain its power.
The howler monkey hoots and howls with incredible vigour!
The howler monkey hits you but does no damage.
You hear a shout!
You hit the howler monkey. You closely miss the howler monkey.
Your punch misses the howler monkey.
The howler monkey hoots and howls with incredible vigour!
You barely miss the howler monkey. The howler monkey misses you.
You puncture the howler monkey!
You kill the howler monkey!
The howler monkey hits you but does no damage.
You closely miss the howler monkey. Your bite misses the howler monkey.
The howler monkey hits you but does no damage.
You closely miss the howler monkey. You bite the howler monkey.
You drain its power.
The howler monkey hoots and howls with incredible vigour!
You can now pass through a line of other dancers.
You hit the howler monkey. The howler monkey hits you.
You closely miss the howler monkey. The howler monkey closely misses you.
You barely miss the howler monkey.
The howler monkey hoots and howls with incredible vigour!
You hit the howler monkey. Your bite misses the howler monkey.
The howler monkey barely misses you.
You closely miss the howler monkey. You bite the howler monkey.
You drain its power.
You feel invigorated.
The howler monkey hits you but does no damage.
You barely miss the howler monkey. Your bite misses the howler monkey.
The howler monkey hoots and howls with incredible vigour!
You puncture the howler monkey!
You kill the howler monkey!
No target in view!
You pick up a Trismegistus Codex and begin reading...
You add the spells Mephitic Cloud and Freezing Cloud to your library.
A freezing wraith comes into view.
The phantasmal warrior gestures at you.
The phantasmal warrior blinks!
You can no longer pass through a line of other dancers.
The phantasmal warrior gestures at you.
The phantasmal warrior blinks!
The phantasmal warrior completely misses you.
There is a stone staircase leading up, spattered with blood here.
The phantasmal warrior completely misses you.
You climb upwards.
There is a stone staircase leading down here.
Your hands begin to glow red.
The phantasmal warrior barely misses you.
You hit the phantasmal warrior but do no damage.
You bite the phantasmal warrior, but do no damage.
You hit the phantasmal warrior but do no damage.
Your bite misses the phantasmal warrior.
The phantasmal warrior hits you!
You hit the phantasmal warrior but do no damage.
Your bite misses the phantasmal warrior.
The phantasmal warrior hits you!!
* * * LOW HITPOINT WARNING * * *
You hit the phantasmal warrior but do no damage.
You bite the phantasmal warrior.
The phantasmal warrior's magic leaks into the air.
You drain its magic.
You feel invigorated. The phantasmal warrior hits you!
* * * LOW HITPOINT WARNING * * *
Really quaff
a - 4 potions of lignification {!q}?
Okay, then.
Really quaff
a - 4 potions of lignification {!q}?
Really quaff the potion of lignification?
You turn into a tree.
Your +1 cloak of willpower melds into your body.
Your +1 helmet melds into your body.
Your +1 pair of boots melds into your body.
Your +0 acid dragon scales melds into your body.
You feel less strong-willed.
Your roots penetrate the ground.
The phantasmal warrior hits you.
* * * LOW HITPOINT WARNING * * *
Your willpower is stripped away!
Here: a phantasmal warrior (lightly damaged, magic disrupted, chance to confuse on hit: 10%)
The floor, spattered with blood.
Unknown command.
You hit the phantasmal warrior but do no damage.
The phantasmal warrior hits you but does no damage.
You hit the phantasmal warrior but do no damage.
The phantasmal warrior hits you!
* * * LOW HITPOINT WARNING * * *
You hit the phantasmal warrior but do no damage.
You closely miss the phantasmal warrior.
The phantasmal warrior hits you!
* * * LOW HITPOINT WARNING * * *
You hit the phantasmal warrior but do no damage.
The phantasmal warrior hits you but does no damage.
You hit the phantasmal warrior but do no damage.
The phantasmal warrior's magic is no longer disrupted.
The phantasmal warrior hits you.
You hit the phantasmal warrior but do no damage.
Your branches stop glowing.
The phantasmal warrior hits you!
You die...

.....#...#....................#
.....#...#....................#
###'##...+....................#
....##...#....................#
....######....................#
....#.........................#
....#.............[...........#
#####.........................#
................♣.............#
................W.............#
..............................#
.....#####............#########
.....#...#............#
'#####...#............#
.........#............#
.........#............#
.........#............########


You could see a phantasmal warrior.

Vanquished Creatures
  Gastronok (D:8)
  Pikel (D:8)
  Maurice (D:8)
  Menkaure (D:5)
  3 steam dragons
  An acid dragon (D:8)
  2 water moccasins
  4 orc warriors
  A sky beast (D:6)
  A necrophage (D:5)
  An ogre (D:5)
  2 centaurs
  2 lemures (D:8)
  4 kobold brigands
  3 scorpions
  The ghost of P0WERM0DE the Skirmisher, a weakling DsAK of Lugonu (D:4)
  3 howler monkeys
  3 bullfrog zombies
  2 centaur zombies
  4 human zombies (Ossuary)
  7 hounds
  4 orc priests
  Natasha (thrice) (D:2)
  4 iguanas
  9 orc wizards
  A hound skeleton (D:2)
  2 mummies (Ossuary)
  Robin (D:2)
  11 adders
  4 gnolls (D:6)
  4 howler monkey skeletons
  4 river rats (Sewer)
  2 white imps
  2 ufetubi
  2 adder skeletons (D:4)
  An adder zombie (Ossuary)
  3 worms
  31 orcs
  16 ball pythons
  7 bats
  6 endoplasms
  3 giant cockroaches
  18 goblins
  9 hobgoblins
  7 jackals
  15 kobolds
  A quokka (D:1)
  10 frilled lizards
  3 goblin zombies (Ossuary)
  11 hobgoblin zombies (Ossuary)
  A jackal zombie (Ossuary)
  10 kobold zombies (Ossuary)
  4 orc zombies (Ossuary)
  4 rats
  2 rat zombies (Ossuary)
263 creatures vanquished.

Vanquished Creatures (others)
  7 plants (Sewer)
7 creatures vanquished.

Grand Total: 270 creatures vanquished

Notes
Turn   | Place    | Note
-------+----------+-------------------------------------------
     0 | D:1      | CryoSword the Vine Stalker Enchanter began the quest for
                  | the Orb.
     0 | D:1      | Reached XP level 1. HP: 9/9 MP: 4/4
     8 | D:1      | Reached skill level 1 in Short Blades
   215 | D:1      | Reached XP level 2. HP: 12/13 MP: 6/6
   354 | D:1      | Learned a level 2 spell: Ensorcelled Hibernation
   429 | D:1      | Found a faded altar of an unknown god.
   745 | D:2      | Noticed Natasha
   750 | D:2      | Killed Natasha
   751 | D:2      | Reached XP level 3. HP: 17/17 MP: 7/7
   781 | D:2      | Reached skill level 2 in Short Blades
   832 | D:2      | Noticed Natasha
   838 | D:2      | Killed Natasha
   839 | D:2      | Reached skill level 1 in Fighting
   839 | D:2      | Gained mutation: Your natural rate of healing is unusually
                  | fast. [Vine Stalker growth]
   839 | D:2      | Reached XP level 4. HP: 18/22 MP: 6/8
   927 | D:2      | Learned a level 3 spell: Confusing Touch
  1005 | D:2      | Noticed Robin
  1019 | D:2      | Killed Robin
  1191 | D:2      | Reached XP level 5. HP: 18/25 MP: 4/9
  1242 | D:2      | Noticed Natasha
  1251 | D:2      | Killed Natasha
  1499 | D:2      | Got the Almanac of Flight and Intoxication
  1748 | D:3      | Found a glowing drain.
  1760 | Sewer    | Entered a sewer
  1904 | Sewer    | Noticed a kobold brigand
  1931 | Sewer    | Killed a kobold brigand
  1932 | Sewer    | Reached skill level 3 in Short Blades
  1932 | Sewer    | Reached XP level 6. HP: 29/30 MP: 8/11
  2445 | Sewer    | Reached XP level 7. HP: 22/35 MP: 7/12
  3021 | D:3      | Reached skill level 4 in Short Blades
  3164 | D:3      | Found a hazy altar of Hepliaklqana.
  3521 | D:4      | Found a runed translucent gate.
  3522 | D:4      | Found a runed translucent gate.
  3522 | D:4      | Noticed P0WERM0DE's ghost (weakling DsAK)
  3523 | D:4      | Found a runed translucent gate.
  3582 | D:4      | Found a sand-covered staircase.
  3589 | Ossuary  | Entered an ossuary
  3660 | Ossuary  | Learned a level 1 spell: Slow
  3664 | Ossuary  | Learned a level 3 spell: Tukima's Dance
  3668 | Ossuary  | Learned a level 3 spell: Dazzling Flash
  4065 | Ossuary  | Reached skill level 5 in Hexes
  4065 | Ossuary  | Gained mutation: You have razor-sharp teeth. [Vine Stalker
                  | growth]
  4065 | Ossuary  | Reached XP level 8. HP: 27/40 MP: 10/14
  4213 | D:4      | Reached skill level 5 in Short Blades
  4902 | D:4      | Killed P0WERM0DE's ghost
  4903 | D:4      | Reached skill level 1 in Conjurations
  4925 | D:4      | Reached skill level 1 in Ice Magic
  4949 | D:5      | Entered Level 5 of the Dungeon
  5482 | D:5      | Noticed Menkaure
  5496 | D:5      | Killed Menkaure
  5538 | D:5      | Found a staircase to the Ecumenical Temple.
  5547 | Temple   | Entered the Ecumenical Temple
  5685 | Temple   | Became a worshipper of Uskayaw the Reveller
  5793 | D:5      | Reached * piety under Uskayaw
  6086 | D:6      | Reached ** piety under Uskayaw
  6087 | D:6      | Reached XP level 9. HP: 37/45 MP: 12/16
  6250 | D:6      | Reached skill level 6 in Short Blades
  6250 | D:6      | Reached skill level 1 in Invocations
  6791 | D:6      | Reached skill level 5 in Spellcasting
  8180 | D:8      | Reached *** piety under Uskayaw
  8187 | D:8      | Reached **** piety under Uskayaw
  8197 | D:8      | Reached ***** piety under Uskayaw
  8250 | D:8      | Noticed Gastronok
  8252 | D:8      | Noticed Maurice
  8415 | D:8      | Noticed Pikel
  8520 | D:8      | Killed Pikel
  8521 | D:8      | Reached skill level 7 in Short Blades
  8634 | D:8      | Killed Gastronok
  8635 | D:8      | Reached skill level 5 in Fighting
  8635 | D:8      | Reached XP level 10. HP: 46/51 MP: 19/19
  8658 | D:8      | Noticed a two-headed ogre
  9161 | D:8      | Reached skill level 5 in Invocations
  9513 | D:8      | Found Teimoob's Magic Scroll Emporium.
  9635 | D:8      | Killed Maurice
  9728 | D:9      | Noticed a death knight
  9728 | D:9      | Noticed a phantasmal warrior
  9815 | D:8      | Mangled by a phantasmal warrior

Illustrated notes

Levels and vault maps discovered:
D:1:      dpeg_arrival_stone_temple_mockup, layout_rooms,
          ebering_ecumenical_altar_rust
D:2:      layout_loops_ring, palyth_stone_intersect, mrwooster_statue_mirror,
          uniq_natasha, uniq_robin
D:3:      layout_loops_corners, nicolae_hepliaklqana_hippocampus,
          cheibrodos_sewer_entry_sluice
D:4:      layout_loops_corners, enter_ossuary_1, gammafunk_ghost_split,
          minmay_quadrilaterals
D:5:      layout_loops_corners, minmay_temple_entry_grid,
          minmay_misc_feat_ornament, chequers_mini_garden,
          hangedman_abyss_or_decor_jellyfish_corner,
          hangedman_abyss_or_decor_lesser_grid, uniq_menkaure
D:6:      layout_rooms, hangedman_decor_diamond_cutter
D:7:      layout_basic, grunt_decor_mini_mirrors
D:8:      layout_gridville, serial_shops, nicolae_take_the_stairs,
          kennysheep_generic_room_11, uniq_pikel, uniq_gastronok, uniq_maurice
D:9:      layout_cross
Temple:   mainiacjoe_temple_trianglar_array

Skill      XL: |  1  2  3  4  5  6  7  8  9 10 |
---------------+-------------------------------+-----
Short Blades   | 1 2 3 4 5 7 |  7.9
Stealth        | 4 |  4.2
Dodging        | 2 3 |  3.6
Fighting       | 1 2 3 5 |  5.3
Hexes          | 4 5 |  5.9
Spellcasting   | 3 4 5 6 |  6.2
Conjurations   | 2 3 |  3.0
Ice Magic      | 2 3 |  3.0
Invocations    | 4 5 |  5.4

Action                   |  1- 3 |  4- 6 |  7- 9 | 10-12 || total
-------------------------+-------+-------+-------+-------++-------
Melee: Dagger            |    56 |    99 |       |       ||   155
       Bite              |    11 |    32 |   175 |    34 ||   252
       Short sword       |       |    86 |   430 |       ||   516
       Punch             |       |     1 |    12 |     1 ||    14
       Rapier            |       |       |    74 |   113 ||   187
Throw: Dart              |       |       |     3 |       ||     3
 Cast: Ensorcelled Hiber |       |    24 |     8 |     3 ||    35
       Confusing Touch   |       |       |    12 |     5 ||    17
       Slow              |       |       |     4 |     2 ||     6
       Dazzling Flash    |       |       |       |     1 ||     1
Invok: Stomp             |       |       |     4 |     1 ||     5
       Line Pass         |       |       |     1 |       ||     1
  Use: Scroll            |       |     5 |    12 |       ||    17
       Potion            |       |       |     4 |     1 ||     5
 Stab: Sleeping          |    12 |    17 |    21 |     2 ||    52
       Distracted        |     1 |       |       |       ||     1
       Confused          |       |       |     8 |     5 ||    13
       Paralysed         |       |       |     5 |     1 ||     6
Armor: Robe              |     7 |    28 |    95 |    10 ||   140
       Acid dragon scale |       |       |       |    27 ||    27
       Skin              |       |       |       |     2 ||     2
Dodge: Dodged            |    30 |    72 |   247 |    66 ||   415
